ITL
WABA DUCKS @ HAVANA ROLLERS
07/20/2026
 
TOP OF THE 1ST
Waba Ducks batting - Pitching for Havana Rollers : LHP Esteban Baca
Pitching: LHP Esteban Baca
Batting: LHB Javier Orozco 0-0: Called Strike
0-1: Ball
1-1: SINGLE (Flyball, 78S)
Batting: LHB Joe Sanders 0-0: Called Strike
0-1: Ball
1-1: Ball
2-1: Ball
3-1: Called Strike
3-2: Foul Ball, location: 2F
3-2: Foul Ball, location: 2F
3-2: Foul Ball, location: 2F
3-2: Base on Balls
Javier Orozco to second
Batting: RHB Tokuhei Kobayashi 0-0: Called Strike
0-1: Ball
1-1: Fly out, F2 (Popup, 2LF)
Batting: RHB Chris Osborn 0-0: Called Strike
Javier Orozco steals 3rd base
Joe Sanders to second
0-1: Ball
1-1: Fly out, F9 (Flyball, 9D)
Runner from 3rd tags up, SCORES, no throw
Joe Sanders to third
Batting: RHB Don Keating 0-0: Foul Ball, location: 2F
0-1: Ball
1-1: Ball
2-1: Ball
3-1: SINGLE (Line Drive, 34D)
Joe Sanders scores
Batting: RHB Pedro Molina 0-0: Foul Ball, location: 2F
0-1: Foul Ball, location: 2F
0-2: Strikes out looking
Top of the 1st over - 2 run(s), 2 hit(s), 0 error(s), 1 left on base; Waba 2 - Havana 0
BOTTOM OF THE 1ST
Havana Rollers batting - Pitching for Waba Ducks : LHP Jaime Guzmán
Pitching: LHP Jaime Guzmán
Batting: RHB Francisco Rincón 0-0: Ball
1-0: Ball
2-0: Called Strike
2-1: Foul Ball, location: 2F
2-2: Foul Ball, location: 2F
2-2: SINGLE (Groundball, 56D)
Batting: LHB Gyu-sik Yi 0-0: Swinging Strike
0-1: Swinging Strike
0-2: Ball
1-2: Foul Ball, location: 2F
1-2: Ball
2-2: Strikes out swinging
Batting: LHB Wilson Allen 0-0: Ball
1-0: Foul Ball, location: 2F
1-1: Foul Ball, location: 2F
1-2: Foul Ball, location: 2F
1-2: Ball
2-2: Grounds into double play, 4-6-3 (Groundball, 34)
Bottom of the 1st over - 0 run(s), 1 hit(s), 0 error(s), 0 left on base; Waba 2 - Havana 0
TOP OF THE 2ND
Waba Ducks batting - Pitching for Havana Rollers : LHP Esteban Baca
Batting: LHB William Wolf 0-0: Called Strike
0-1: SINGLE (Line Drive, 6D)
Batting: RHB Ángelo García 0-0: Called Strike
0-1: Ball
1-1: Ball
2-1: Ball
3-1: Base on Balls
William Wolf to second
Batting: RHB António Valdéz 0-0: Called Strike
0-1: Called Strike
0-2: Ball
1-2: Ball
2-2: Ball
3-2: SINGLE (Flyball, 6MD)
William Wolf to third
Ángelo García to second
Runner from 3rd tries for Home, SAFE, no throw or cutoff
Batting: LHB Javier Orozco 0-0: Ball
1-0: Swinging Strike
1-1: Ball
2-1: Called Strike
2-2: Foul Ball, location: 2F
2-2: Foul Ball, location: 2F
2-2: Strikes out swinging
Batting: LHB Joe Sanders 0-0: Ball
1-0: Foul Ball, location: 2F
1-1: SINGLE (Groundball, 34S)
Ángelo García to third
António Valdéz to second
Batting: RHB Tokuhei Kobayashi 0-0: Ball
1-0: Foul Ball, location: 2F
1-1: Called Strike
1-2: Ball
2-2: Fly out, F8 (Line Drive, 8LM)
Throwing error, E8
Ángelo García scores
António Valdéz to third
Joe Sanders to second
Batting: RHB Chris Osborn 0-0: Ball
1-0: Foul Ball, location: 2F
1-1: Ball
2-1: Called Strike
2-2: Strikes out swinging
Top of the 2nd over - 2 run(s), 3 hit(s), 1 error(s), 2 left on base; Waba 4 - Havana 0
BOTTOM OF THE 2ND
Havana Rollers batting - Pitching for Waba Ducks : LHP Jaime Guzmán
Batting: RHB Jack Bailey 0-0: Ball
1-0: Ball
2-0: SINGLE (Line Drive, 89S)
Batting: RHB Dani Gómez 0-0: Called Strike
0-1: Ball
1-1: SINGLE (Line Drive, 78S)
Jack Bailey to second
Batting: RHB Salvador Borbón 0-0: Ball
1-0: Foul Ball, location: 2F
1-1: Ball
2-1: Swinging Strike
2-2: Foul Ball, location: 2F
2-2: Foul Ball, location: 2F
2-2: Foul Ball, location: 2F
2-2: Strikes out swinging
Batting: RHB Paul Bailey 0-0: DOUBLE (Flyball, 89D)
Jack Bailey scores
Dani Gómez to third
Runner from 3rd tries for Home, SAFE, no throw or cutoff
Batting: RHB Victor Andrews 0-0: Ground out 6-3 (Groundball, 6M)
Paul Bailey to third
Batting: LHB José Torres 0-0: Called Strike
0-1: Ball
1-1: Ball
2-1: Swinging Strike
2-2: Ball
3-2: Ground out 4-3 (Groundball, 4)
Bottom of the 2nd over - 2 run(s), 3 hit(s), 0 error(s), 1 left on base; Waba 4 - Havana 2
TOP OF THE 3RD
Waba Ducks batting - Pitching for Havana Rollers : LHP Esteban Baca
Batting: RHB Don Keating 0-0: Called Strike
0-1: Ball
1-1: Foul Ball, location: 2F
1-2: Foul Ball, location: 2F
1-2: Strikes out looking
Batting: RHB Pedro Molina 0-0: Swinging Strike
0-1: Ground out 5-3 (Groundball, 5)
Batting: LHB William Wolf 0-0: Ball
1-0: Called Strike
1-1: Fly out, F8 (Line Drive, 8LS)
Top of the 3rd over - 0 run(s), 0 hit(s), 0 error(s), 0 left on base; Waba 4 - Havana 2
BOTTOM OF THE 3RD
Havana Rollers batting - Pitching for Waba Ducks : LHP Jaime Guzmán
Batting: RHB Francisco Rincón 0-0: Ball
1-0: Called Strike
1-1: Ball
2-1: Ball
3-1: Base on Balls
Batting: LHB Gyu-sik Yi 0-0: Ball
1-0: Fly out, F2 (Popup, 2RF)
Batting: LHB Wilson Allen 0-0: Ball
1-0: Reached on error, E4 (Groundball, 4)
Francisco Rincón to second
Batting: RHB Jack Bailey 0-0: Called Strike
0-1: SINGLE (Groundball, 6D)
Francisco Rincón to third
Wilson Allen to second
Runner from 3rd tries for Home, SAFE, no throw or cutoff
Batting: RHB Dani Gómez 0-0: Ball
1-0: Grounds into double play, 6-4-3 (Groundball, 6)
Bottom of the 3rd over - 1 run(s), 1 hit(s), 1 error(s), 1 left on base; Waba 4 - Havana 3
TOP OF THE 4TH
Waba Ducks batting - Pitching for Havana Rollers : LHP Esteban Baca
Batting: RHB Ángelo García 0-0: Ball
1-0: Bunted foul
1-1: Fly out, F8 (Flyball, 8RM)
Batting: RHB António Valdéz 0-0: Swinging Strike
0-1: Called Strike
0-2: Foul Ball, location: 2F
0-2: Strikes out swinging
Batting: LHB Javier Orozco 0-0: Ball
1-0: Called Strike
1-1: Foul Ball, location: 2F
1-2: Foul Ball, location: 2F
1-2: SINGLE (Line Drive, 9S)
Batting: LHB Joe Sanders 0-0: Called Strike
0-1: Foul Ball, location: 2F
0-2: Ball
1-2: Ball
Javier Orozco steals 2nd base
2-2: Ball
3-2: Foul Ball, location: 2F
3-2: Ground out 4-3 (Groundball, 4M)
Top of the 4th over - 0 run(s), 1 hit(s), 0 error(s), 1 left on base; Waba 4 - Havana 3
BOTTOM OF THE 4TH
Havana Rollers batting - Pitching for Waba Ducks : LHP Jaime Guzmán
Batting: RHB Salvador Borbón 0-0: Foul Ball, location: 2F
0-1: Ball
1-1: Foul Ball, location: 2F
1-2: Ball
2-2: Ball
3-2: Ground out 6-3 (Groundball, 6)
Batting: RHB Paul Bailey 0-0: Called Strike
0-1: Ball
1-1: Ball
2-1: Ground out U3 (Groundball, 3S)
Batting: RHB Victor Andrews 0-0: Swinging Strike
0-1: Ball
1-1: SINGLE (Popup, 6MD)
Batting: LHB José Torres 0-0: Foul Ball, location: 2F
0-1: Ball
1-1: Ball
2-1: Foul Ball, location: 2F
2-2: Ball
3-2: Strikes out swinging
Bottom of the 4th over - 0 run(s), 1 hit(s), 0 error(s), 1 left on base; Waba 4 - Havana 3
TOP OF THE 5TH
Waba Ducks batting - Pitching for Havana Rollers : LHP Esteban Baca
Batting: RHB Tokuhei Kobayashi 0-0: Called Strike
0-1: Foul Ball, location: 2F
0-2: SINGLE (Line Drive, 78S)
Batting: RHB Chris Osborn 0-0: Called Strike
0-1: Ball
1-1: Ball
2-1: Grounds into double play, 4-6-3 (Groundball, 4)
Batting: RHB Don Keating 0-0: SOLO HOME RUN (Flyball, 78XD), Distance : 402 ft
Batting: RHB Pedro Molina 0-0: Fly out, F7 (Flyball, 78S)
Top of the 5th over - 1 run(s), 2 hit(s), 0 error(s), 0 left on base; Waba 5 - Havana 3
BOTTOM OF THE 5TH
Havana Rollers batting - Pitching for Waba Ducks : LHP Jaime Guzmán
Batting: RHB Francisco Rincón 0-0: Called Strike
0-1: Ball
1-1: Called Strike
1-2: SINGLE (Flyball, 89M)
Batting: LHB Gyu-sik Yi 0-0: Ball
1-0: Ball
2-0: Fly out, F7 (Flyball, 7LMF)
Batting: LHB Wilson Allen 0-0: Ball
1-0: Called Strike
1-1: Foul Ball, location: 2F
1-2: Ball
2-2: Ball
3-2: Base on Balls
Francisco Rincón to second
Batting: RHB Jack Bailey 0-0: Ground out U3 (Groundball, 3S)
Francisco Rincón to third
Wilson Allen to second
Batting: RHB Dani Gómez 0-0: SINGLE (Groundball, 6MD)
Francisco Rincón scores
Wilson Allen to third
Runner from 3rd tries for Home, SAFE, no throw or cutoff
Batting: RHB Salvador Borbón 0-0: Ball
1-0: Ball
2-0: Called Strike
2-1: Ball
3-1: SINGLE (Line Drive, 89M)
Dani Gómez to second
Runner from 2nd tries for 3rd, SAFE, no throw or cutoff
Batting: RHB Paul Bailey 0-0: Called Strike
0-1: Ball
1-1: Swinging Strike
1-2: Ball
2-2: Ground out U3 (Groundball, 3)
Bottom of the 5th over - 2 run(s), 3 hit(s), 0 error(s), 2 left on base; Waba 5 - Havana 5
TOP OF THE 6TH
Waba Ducks batting - Pitching for Havana Rollers : LHP Esteban Baca
Batting: LHB William Wolf 0-0: Ball
1-0: SINGLE (Line Drive, 4M)
Batting: RHB Ángelo García 0-0: Called Strike
0-1: Swinging Strike
0-2: Strikes out looking
William Wolf steals 2nd base
Batter strikes out.
Batting: RHB António Valdéz 0-0: Intentional Walk
Pitching: RHP Alfonso Ortíz
Batting: LHB Javier Orozco 0-0: Ball
1-0: Ball
William Wolf is caught stealing 3rd base
António Valdéz to second
2-0: Ground out 4-3 (Groundball, 4)
Top of the 6th over - 0 run(s), 1 hit(s), 0 error(s), 1 left on base; Waba 5 - Havana 5
BOTTOM OF THE 6TH
Havana Rollers batting - Pitching for Waba Ducks : LHP Jaime Guzmán
Pitching: RHP Will Huggins
Batting: RHB Victor Andrews 0-0: Ball
1-0: Ball
2-0: Called Strike
2-1: Swinging Strike
2-2: Foul Ball, location: 2F
2-2: Ball
3-2: Strikes out swinging
Batting: LHB José Torres 0-0: Called Strike
0-1: Foul Ball, location: 2F
0-2: Strikes out looking
Batting: RHB Francisco Rincón 0-0: Reached on Error, E3 (Popup, 34)
Batting: LHB Gyu-sik Yi 0-0: Ball
1-0: Ball
2-0: Ground out U3 (Groundball, 3L)
Bottom of the 6th over - 0 run(s), 0 hit(s), 1 error(s), 1 left on base; Waba 5 - Havana 5
TOP OF THE 7TH
Waba Ducks batting - Pitching for Havana Rollers : RHP Alfonso Ortíz
Batting: LHB Joe Sanders 0-0: Ball
1-0: Ball
2-0: Ball
3-0: Swinging Strike
3-1: Called Strike
3-2: Foul Ball, location: 2F
3-2: Base on Balls
Batting: RHB Tokuhei Kobayashi 0-0: Ball
1-0: Swinging Strike
1-1: Swinging Strike
1-2: Grounds into double play, U6-3 (Groundball, 6)
Batting: RHB Chris Osborn 0-0: Ball
1-0: Swinging Strike
1-1: Swinging Strike
1-2: Strikes out looking
Top of the 7th over - 0 run(s), 0 hit(s), 0 error(s), 0 left on base; Waba 5 - Havana 5
BOTTOM OF THE 7TH
Havana Rollers batting - Pitching for Waba Ducks : RHP Will Huggins
Batting: LHB Wilson Allen 0-0: Ball
1-0: Called Strike
1-1: Ground out 4-3 (Groundball, 4)
Pinch Hitting: LHB Jimmy Husted 0-0: Called Strike
0-1: Swinging Strike
0-2: Fly out, F5 (Popup, 5F)
Batting: RHB Dani Gómez 0-0: Ball
1-0: Foul Ball, location: 2F
1-1: Swinging Strike
1-2: Strikes out swinging
Bottom of the 7th over - 0 run(s), 0 hit(s), 0 error(s), 0 left on base; Waba 5 - Havana 5
TOP OF THE 8TH
Waba Ducks batting - Pitching for Havana Rollers : RHP Alfonso Ortíz
Now in RF: Jimmy Husted
Batting: RHB Don Keating 0-0: Ball
1-0: Ball
2-0: Ball
3-0: Base on Balls
Batting: RHB Pedro Molina 0-0: Sac Bunt - play at first, batter OUT! 1-4
Don Keating to second
Batting: LHB William Wolf 0-0: Intentional Walk
Pitching: RHP Alejandro Pérez
Batting: RHB Ángelo García 0-0: Ball
1-0: SINGLE (Line Drive, 4MD)
Don Keating to third
William Wolf to second
Batting: RHB António Valdéz 0-0: Ball
1-0: Foul Ball, location: 2F
1-1: GRAND SLAM HOME RUN (Flyball, 89XD), Distance : 423 ft
Batting: LHB Javier Orozco 0-0: Called Strike
0-1: SINGLE (Line Drive, 34)
Batting: LHB Joe Sanders 0-0: Ball
1-0: Foul Ball, location: 2F
1-1: Foul Ball, location: 2F
1-2: Ball
2-2: Grounds into double play, 4-6-3 (Groundball, 4)
Top of the 8th over - 4 run(s), 3 hit(s), 0 error(s), 0 left on base; Waba 9 - Havana 5
BOTTOM OF THE 8TH
Havana Rollers batting - Pitching for Waba Ducks : RHP Will Huggins
Pitching: RHP Sergio Torres
Batting: RHB Salvador Borbón 0-0: Ball
1-0: Called Strike
1-1: Ball
2-1: Swinging Strike
2-2: Foul Ball, location: 2F
2-2: Strikes out swinging
Batting: RHB Paul Bailey 0-0: Ball
1-0: Ball
2-0: Called Strike
2-1: Ball
3-1: Ground out 6-3 (Groundball, 6)
Batting: RHB Victor Andrews 0-0: Called Strike
0-1: Ball
1-1: Foul Ball, location: 2F
1-2: Foul Ball, location: 2F
1-2: DOUBLE (Line Drive, 5D)
Batting: LHB José Torres 0-0: Ball
1-0: Foul Ball, location: 2F
1-1: Ball
2-1: Swinging Strike
2-2: Ball
3-2: SINGLE (Line Drive, 34D)
Victor Andrews to third
Victor Andrews scores
Batting: RHB Francisco Rincón 0-0: Called Strike
0-1: SINGLE (Line Drive, 89S)
José Torres to second
Runner from 2nd tries for 3rd, SAFE, throw made to third
Francisco Rincón to second
Pitching: LHP Francisco Flores
Batting: LHB Gyu-sik Yi 0-0: Called Strike
0-1: Foul Ball, location: 2F
0-2: 3-RUN HOME RUN (Line Drive, 89XD), Distance : 422 ft
Pinch Hitting: RHB Carlos MacKinney 0-0: Ball
1-0: Foul Ball, location: 2F
1-1: Ball
2-1: Swinging Strike
2-2: SINGLE (Groundball, 34D)
Batting: LHB Jimmy Husted 0-0: Ball
1-0: Called Strike
1-1: Ball
2-1: SINGLE (Groundball, 5D)
Carlos MacKinney to second
Pinch Runner at 2nd Zhi-huan Loong:
Pinch Hitting: RHB Chad Case 0-0: Called Strike
0-1: Foul Ball, location: 2F
0-2: Foul Ball, location: 2F
0-2: Ball
1-2: Ball
2-2: Strikes out looking
Bottom of the 8th over - 4 run(s), 6 hit(s), 0 error(s), 2 left on base; Waba 9 - Havana 9
TOP OF THE 9TH
Waba Ducks batting - Pitching for Havana Rollers : RHP Alejandro Pérez
Pitching: RHP Augusto Muñíz
Now at 1B: Zhi-huan Loong
Now at 3B: Chad Case
Batting: RHB Tokuhei Kobayashi 0-0: Ball
1-0: Swinging Strike
1-1: Foul Ball, location: 2F
1-2: Ground out 4-3 (Groundball, 4M)
Batting: RHB Chris Osborn 0-0: Ball
1-0: Called Strike
1-1: Ball
2-1: Ball
3-1: Foul Ball, location: 2F
3-2: Fly out, F9 (Flyball, 9LM)
Batting: RHB Don Keating 0-0: Ball
1-0: Ball
2-0: Ball
3-0: Called Strike
3-1: Foul Ball, location: 2F
3-2: Strikes out swinging
Top of the 9th over - 0 run(s), 0 hit(s), 0 error(s), 0 left on base; Waba 9 - Havana 9
BOTTOM OF THE 9TH
Havana Rollers batting - Pitching for Waba Ducks : LHP Francisco Flores
Pitching: LHP José Bamuelos
Batting: RHB Salvador Borbón 0-0: Ball
1-0: Foul Ball, location: 2F
1-1: Foul Ball, location: 2F
1-2: Ball
2-2: Ball
3-2: Foul Ball, location: 2F
3-2: Foul Ball, location: 2F
3-2: Fly out, F9 (Flyball, 9S)
Batting: RHB Paul Bailey 0-0: Called Strike
0-1: Ball
1-1: Foul Ball, location: 2F
1-2: Strikes out swinging
Batting: RHB Victor Andrews 0-0: Ball
1-0: Ball
2-0: SINGLE (Groundball, 5L)
Pinch Hitting: SHB Pepe Piña 0-0: Called Strike
0-1: Called Strike
0-2: Strikes out swinging
Bottom of the 9th over - 0 run(s), 1 hit(s), 0 error(s), 1 left on base; Waba 9 - Havana 9
TOP OF THE 10TH
Waba Ducks batting - Pitching for Havana Rollers : RHP Augusto Muñíz
Now in CF: José Flores
Batting: RHB Pedro Molina 0-0: Swinging Strike
0-1: Ball
1-1: Foul Ball, location: 2F
1-2: Ball
2-2: Strikes out swinging
Batting: LHB William Wolf 0-0: Called Strike
0-1: Ball
1-1: SINGLE (Line Drive, 6D)
Batting: RHB Ángelo García 0-0: Ball
1-0: Ball
2-0: Ball
3-0: Base on Balls
William Wolf to second
Batting: RHB António Valdéz 0-0: Ball
1-0: Fielders Choice at 2nd, U4 (Groundball, 4M)
William Wolf to third
Batting: LHB Javier Orozco 0-0: Ball
1-0: Ground out 4-3 (Groundball, 4)
Top of the 10th over - 0 run(s), 1 hit(s), 0 error(s), 2 left on base; Waba 9 - Havana 9
BOTTOM OF THE 10TH
Havana Rollers batting - Pitching for Waba Ducks : LHP José Bamuelos
Batting: RHB Francisco Rincón 0-0: Called Strike
0-1: Foul Ball, location: 2F
0-2: Foul Ball, location: 2F
0-2: Strikes out swinging
Batting: LHB Gyu-sik Yi 0-0: Ball
1-0: Fly out, F9 (Popup, 9S)
Batting: LHB Zhi-huan Loong 0-0: Foul Ball, location: 2F
0-1: Called Strike
0-2: Fly out, F8 (Flyball, 8LM)
Bottom of the 10th over - 0 run(s), 0 hit(s), 0 error(s), 0 left on base; Waba 9 - Havana 9
TOP OF THE 11TH
Waba Ducks batting - Pitching for Havana Rollers : RHP Augusto Muñíz
Pitching: RHP Charlie Alexander
Batting: LHB Joe Sanders 0-0: Ball
1-0: Called Strike
1-1: Ball
2-1: Swinging Strike
2-2: Ground out 4-3 (Groundball, 4)
Batting: RHB Tokuhei Kobayashi 0-0: Swinging Strike
0-1: SINGLE (Groundball, 56)
Batting: RHB Chris Osborn 0-0: Ball
1-0: Called Strike
1-1: Grounds into double play, 6-4-3 (Groundball, 6M)
Top of the 11th over - 0 run(s), 1 hit(s), 0 error(s), 0 left on base; Waba 9 - Havana 9
BOTTOM OF THE 11TH
Havana Rollers batting - Pitching for Waba Ducks : LHP José Bamuelos
Pitching: RHP Jared Cameron
Batting: LHB Jimmy Husted 0-0: Called Strike
0-1: Swinging Strike
0-2: Foul Ball, location: 2F
0-2: Ball
1-2: Strikes out swinging
Batting: RHB Chad Case 0-0: Called Strike
0-1: Ball
1-1: Called Strike
1-2: SOLO HOME RUN (Flyball, 78XD), Distance : 411 ft
Monday, December 5th, 2016 - OOTP Baseball 17.12 Build 75